 Dungeon Crawl Stone Soup version 0.27-a0-1189-gb8eb6cee8e (webtiles) character file.

Game seed: 829692357406529084

7526 Froggeryz the Cleaver (level 11, -3/150 HPs)
             Began as an Ogre Berserker on May 23, 2021.
             Was a High Priest of Trog.
             Slain by an eight-headed hydra (8 damage)
             ... on level 1 of the Lair of Beasts.
             The game lasted 00:17:20 (16851 turns).

Froggeryz the Cleaver (Ogre Berserker)             Turns: 16851, Time: 00:17:21

Health: -3/150     AC:  6    Str: 25    XL:     11   Next: 16%
Magic:  0/11       EV: 10    Int:  8    God:    Trog [*****.]
Gold:   724        SH:  0    Dex:  9    Spells: 10/10 levels left

rFire    . . .     SeeInvis .   a - +0 giant spiked club
rCold    . . .     Faith    .   (shield currently unavailable)
rNeg     . . .     Spirit   +   b - +0 animal skin
rPois    .         Reflect  .   (helmet restricted)
rElec    .         Harm     .   D - +2 cloak {Stlth+}
rCorr    +         Rampage  .   (gloves unavailable)
Will     +....                  (boots unavailable)
Stlth    ..........             d - amulet of guardian spirit
HPRegen  0.35/turn              E - ring of resist corrosion
MPRegen  0.12/turn              (no ring)

@: berserking (expiring), very quick
A: large, unfitting armour, tough skin 1
a: Renounce Religion, Berserk, Trog's Hand, Brothers in Arms


You were on level 1 of the Lair of Beasts.
You worshipped Trog.
Trog was extremely pleased with you.
You visited 2 branches of the dungeon, and saw 10 of its levels.
You also visited: Ossuary and Bailey.

You collected 922 gold pieces.
You spent 198 gold pieces at shops.

Inventory:

Hand Weapons
 a - a +0 giant spiked club (weapon)
 y - a +2 hand axe
 I - a +2 broad axe of freezing
Missiles
 e - 13 poisoned darts (quivered)
 i - a curare-tipped dart
 G - a throwing net
Armour
 b - a +0 animal skin (worn)
 c - a +1 kite shield of cold resistance
 D - a +2 cloak of stealth (worn)
Jewellery
 d - an amulet of guardian spirit (around neck)
 t - a ring of ice
 E - a ring of resist corrosion (left hand)
Wands
 o - a wand of mindburst (6)
 w - a wand of acid (9)
 B - a wand of digging (11)
 H - a wand of iceblast (6)
Scrolls
 g - a scroll of teleportation
 j - a scroll of enchant armour
 p - a scroll of fog
 F - 2 scrolls of identify
Potions
 h - 8 potions of curing
 k - a potion of attraction {unknown}
 l - 3 potions of lignification {unknown}
 n - a potion of magic {unknown}
 q - a potion of resistance {unknown}
 v - 2 potions of haste
 x - a potion of flight {unknown}
 z - 2 potions of heal wounds {unknown}
 A - 4 potions of berserk rage {unknown}
 C - 2 potions of might {unknown}


   Skills:
 - Level 4.0 Fighting
 * Level 13.6 Axes
 - Level 5.0 Armour
 - Level 4.6 Dodging
 + Level 5.7 Shields


You had 10 spell levels left.
You didn't know any spells.
Your spell library was empty.

Dungeon Overview and Level Annotations

Branches:
Dungeon (9/15)             Temple (0/1) D:7            Lair (1/6) D:9
    Orc (0/2) D:9         Ossuary (visited)          Bailey (visited)

Altars:
Elyvilon
Gozag
Hepliaklqana
Kikubaaqudgha
Okawaru
Qazlal
Wu Jian
Xom
Zin
The Shining One

Shops:
D:7 (


Innate Abilities, Weirdness & Mutations

You are too large for most types of armour.
You have tough skin. (AC +1)


Message History

The eight-headed hydra bites you but does no damage.
You puncture the eight-headed hydra!
The eight-headed hydra is heavily wounded.
The eight-headed hydra bites you! The eight-headed hydra bites you.
The eight-headed hydra barely misses you. x2
The eight-headed hydra bites you but does no damage.
The eight-headed hydra closely misses you.
The eight-headed hydra bites you! x2
You barely miss the eight-headed hydra.
The eight-headed hydra is heavily wounded.
The eight-headed hydra bites you but does no damage.
The eight-headed hydra bites you! x4
The eight-headed hydra barely misses you.
The eight-headed hydra bites you but does no damage.
The eight-headed hydra bites you.
You barely miss the eight-headed hydra.
The eight-headed hydra is heavily wounded.
The eight-headed hydra bites you but does no damage. x2
The eight-headed hydra bites you!
* * * LOW HITPOINT WARNING * * *
The eight-headed hydra bites you!
* * * LOW HITPOINT WARNING * * *
The eight-headed hydra bites you!
* * * LOW HITPOINT WARNING * * *
The eight-headed hydra barely misses you.
The eight-headed hydra misses you. The eight-headed hydra bites you.
* * * LOW HITPOINT WARNING * * *
You bludgeon the eight-headed hydra!!
The eight-headed hydra is almost dead.
You hear an angry hiss.
You hear a bellow!
The eight-headed hydra barely misses you.
The eight-headed hydra bites you.
* * * LOW HITPOINT WARNING * * *
The eight-headed hydra bites you but does no damage.
The eight-headed hydra bites you.
* * * LOW HITPOINT WARNING * * *
The eight-headed hydra bites you.
* * * LOW HITPOINT WARNING * * *
The eight-headed hydra bites you!
You die...

##########...Y..D....##
#.....Y......#
#...........##
#...........#
#...........#
#######Y.#.## #YY####
#D## ### ### #@# ..###
####.####'### ....#
#.......#...##
....####..##.#......#
...............#.#..#
.....#.'.#...#.#...##
.....###.........#.##
###### #.P#..#.###..# #
#P..........##


You could see an eight-headed hydra and 3 yaks.

Vanquished Creatures
  Erolcha (D:9)
  Pikel (D:8)
  An orc knight (Bailey)
  2 komodo dragons (Lair:1)
  A wind drake (shapeshifter) (D:9)
  Grinder (D:3)
  Prince Ribbit (D:5)
  Sigmund (D:5)
  A steam dragon (D:4)
  2 vampire mosquitoes (D:7)
  A water moccasin (Lair:1)
  An ice beast (D:6)
  7 orc warriors
  2 necrophages (D:7)
  3 ogres
  A centaur (D:9)
  A lemure (D:8)
  A kobold brigand (D:9)
  Blork the orc (D:5)
  6 elf zombies (Ossuary)
  A gnoll sergeant (D:9)
  4 bullfrogs
  A scorpion (D:5)
  2 wyvern skeletons (D:7)
  3 killer bees (D:9)
  4 wights (D:6)
  3 howler monkeys
  4 crimson imps (D:7)
  A bullfrog zombie (D:6)
  4 human zombies (Ossuary)
  3 jellies
  2 orc priests
  A centaur skeleton (D:6)
  7 centaur zombies
  3 hounds
  Crazy Yiuf (D:7)
  2 bullfrog skeletons
  6 iguanas
  4 orc wizards
  3 mummies (Ossuary)
  3 howler monkey zombies
  7 gnolls
  3 adders
  3 white imps
  An ufetubus (D:7)
  2 worms (D:3)
  2 dart slugs
  35 orcs
  10 bats
  7 endoplasms
  3 giant cockroaches
  13 goblins
  9 hobgoblins
  23 kobolds
  3 quokkas
  6 ball pythons
  3 frilled lizards
  8 rats
236 creatures vanquished.

Vanquished Creatures (collateral kills)
  2 orcs (D:8)
2 creatures vanquished.

Vanquished Creatures (others)
  2 orc warriors (Bailey)
  A human (D:4)
  2 fungi (Lair:1)
  3 plants (Lair:1)
8 creatures vanquished.

Grand Total: 246 creatures vanquished

Notes
Turn   | Place    | Note
-------+----------+-------------------------------------------
     0 | D:1      | Froggeryz the Ogre Berserker began the quest for the Orb.
     0 | D:1      | Reached XP level 1. HP: 24/24 MP: 1/1
   132 | D:1      | Reached XP level 2. HP: 19/32 MP: 2/2
   627 | D:1      | Reached skill level 4 in Axes
  1149 | D:2      | Reached XP level 3. HP: 38/39 MP: 3/3
  1159 | D:2      | Reached ** piety under Trog
  1836 | D:2      | Found a faded altar of an unknown god.
  2946 | D:3      | Noticed Grinder
  2954 | D:3      | Killed Grinder
  2955 | D:3      | Reached skill level 6 in Axes
  2955 | D:3      | Reached XP level 4. HP: 48/48 MP: 4/4
  2955 | D:3      | Reached XP level 5. HP: 54/54 MP: 5/5
  2955 | D:3      | Reached XP level 6. HP: 62/62 MP: 6/6
  3560 | D:4      | Found an ancient bone altar of Kikubaaqudgha.
  3587 | D:4      | Found a white marble altar of Elyvilon.
  3755 | D:4      | Reached skill level 7 in Axes
  3819 | D:4      | Found a glowing golden altar of the Shining One.
  4046 | D:4      | Reached *** piety under Trog
  4803 | D:4      | Noticed a steam dragon
  4813 | D:4      | Killed a steam dragon
  4814 | D:4      | Reached skill level 8 in Axes
  4814 | D:4      | Reached XP level 7. HP: 56/70 MP: 4/7
  5195 | D:4      | Noticed a human
  5196 | D:4      | Killed a human
  5329 | D:5      | Entered Level 5 of the Dungeon
  5390 | D:5      | Found a stormy altar of Qazlal.
  5445 | D:5      | Noticed Prince Ribbit
  5456 | D:5      | Killed Prince Ribbit
  5457 | D:5      | Reached skill level 1 in Armour
  5463 | D:5      | Reached skill level 9 in Axes
  5509 | D:5      | Found an opulent altar of Gozag.
  5604 | D:5      | Noticed Blork the orc
  5624 | D:5      | Killed Blork the orc
  5625 | D:5      | Reached XP level 8. HP: 26/78 MP: 2/8
  5904 | D:5      | Found a hazy altar of Hepliaklqana.
  6009 | D:5      | Noticed Sigmund
  6039 | D:5      | Killed Sigmund
  6900 | D:6      | Reached skill level 10 in Axes
  7091 | D:6      | Found an iron altar of Okawaru.
  8087 | D:6      | Found a glowing silver altar of Zin.
  8524 | D:6      | Reached XP level 9. HP: 76/84 MP: 7/9
  9070 | D:7      | Found a sand-covered staircase.
  9075 | Ossuary  | Entered an ossuary
  9465 | Ossuary  | Reached skill level 11 in Axes
  9946 | Ossuary  | Reached **** piety under Trog
 10309 | D:7      | Found a staircase to the Ecumenical Temple.
 10637 | D:7      | Reached skill level 5 in Armour
 10888 | D:7      | Found Pod Uny's Antique Weapon Shop.
 10899 | D:7      | Bought an encrusted morningstar for 198 gold pieces
 10899 | D:7      | Identified the +4 morningstar "Zeunidyv" {pain, rElec} (You
                  | bought it in a shop on level 7 of the Dungeon)
 11215 | D:7      | Found a shimmering altar of Xom.
 11240 | D:7      | Reached skill level 12 in Axes
 11443 | D:7      | Found a runed translucent door.
 11444 | D:7      | Noticed Crazy Yiuf
 11470 | D:7      | Reached XP level 10. HP: 82/92 MP: 5/10
 11855 | D:7      | Killed Crazy Yiuf
 11928 | D:8      | Found an ornate altar of the Wu Jian Council.
 12011 | D:8      | Identified a scroll of acquirement
 12011 | D:8      | Acquired a +0 kite shield of cold resistance
 12064 | D:8      | Noticed Pikel
 12085 | D:8      | Killed Pikel
 12704 | D:8      | Reached ***** piety under Trog
 13137 | D:8      | Reached skill level 13 in Axes
 13217 | D:9      | Reached skill level 1 in Shields
 13264 | D:9      | Found a staircase to the Lair.
 13371 | D:9      | Found a flagged portal.
 13378 | Bailey   | Entered a bailey
 13499 | Bailey   | Noticed an orc knight
 13518 | Bailey   | Killed an orc knight
 14554 | D:9      | Found a staircase to the Orcish Mines.
 15170 | D:9      | Noticed Erolcha
 15172 | D:9      | Paralysed by Erolcha for 6 turns
 15665 | D:9      | Killed Erolcha
 15666 | D:9      | Reached skill level 5 in Shields
 15666 | D:9      | Reached XP level 11. HP: 100/100 MP: 7/11
 15735 | Lair:1   | Entered Level 1 of the Lair of Beasts
 15956 | Lair:1   | Noticed an eight-headed hydra
 16851 | Lair:1   | HP: 5/150 [eight-headed hydra (3)]
 16851 | Lair:1   | Slain by an eight-headed hydra

Illustrated notes

Levels and vault maps discovered:
D:1:      nicolae_arrival_washed_ashore, layout_loops_cross
D:2:      layout_basic, ebering_ecumenical_altar_hall, guppyfry_early_orc_mine
D:3:      layout_loops_ring, uniq_grinder
D:4:      layout_layer_cave, tgw_kikubaaqudgha, kennysheep_mini_moat,
          nicolae_tso_swordbearing_angel
D:5:      layout_rooms, nicolae_gozag_cash_rules_everything_around_me,
          nzn_hepliaklqana_mist_gate, nicolae_qazlal_general_emergency,
          interstate_on_off, uniq_blork_the_orc, uniq_prince_ribbit1,
          uniq_sigmund
D:6:      layout_basic, overflow_temple_1_default, okawaru_altar_gauntlet_db
D:7:      layout_rooms, led_xom_imps, minmay_temple_entry_arrows,
          enter_ossuary_5, serial_shops, shop, uniq_crazy_yiuf_cottage
D:8:      layout_loops_ring, nzn_wu_jian_contemplation, uniq_pikel
D:9:      layout_roguey, lair_entry_dummy, orc_0_dummy, enter_bailey_2,
          uniq_erolcha
Lair:1:   layout_roguey [special_room_bee], basic_altar, uniq_joseph

Skill      XL: |  1  2  3  4  5  6  7  8  9 10 |
---------------+-------------------------------+-----
Axes           | 4 6 8 9 10 12 13 | 13.6
Armour         | 1 3 5 |  5.0
Dodging        | 3 4 |  4.6
Shields        | 5 |  5.7
Fighting       | |  4.0

Action                   |  1- 3 |  4- 6 |  7- 9 | 10-12 || total
-------------------------+-------+-------+-------+-------++-------
Melee: Hand axe          |   177 |   131 |   466 |   332 ||  1106
       Giant spiked club |       |       |       |     5 ||     5
       Broad axe         |       |       |       |     2 ||     2
Throw: Dart              |       |       |       |    38 ||    38
Invok: Berserk           |     1 |     1 |     9 |    10 ||    21
       Trog's Hand       |       |       |     1 |     2 ||     3
Evoke: Wand              |       |       |       |    17 ||    17
  Use: Scroll            |       |     2 |       |    16 ||    18
 Stab: Sleeping          |       |       |       |     5 ||     5
Armor: Animal skin       |    44 |    23 |    44 |   107 ||   218
Dodge: Dodged            |   111 |    49 |   141 |   187 ||   488

Table legend: (Time is in decaauts)
 A = Elapsed time spent in this place.
 B = Non-inter-level travel time spent in this place.
 C = Inter-level travel time spent in this place.
 D = Time resting spent in this place.
 E = Time spent auto-exploring this place.
 F = Levels seen in this place.
 G = Mean time per level.
                   A        B        C        D        E       F      G
               +--------+--------+--------+--------+--------+-----+--------+
         Total |  16819 |  16331 |    488 |   3257 |  10874 |  12 | 1401.6 |
       Dungeon |  14074 |  13586 |    488 |   1801 |  10150 |   9 | 1563.8 |
          Lair |   1034 |   1034 |      0 |    344 |    471 |   1 | 1034.0 |
       Ossuary |    857 |    857 |      0 |    458 |    253 |   1 |  857.0 |
        Bailey |    853 |    853 |      0 |    653 |      0 |   1 |  853.0 |
               +--------+--------+--------+--------+--------+-----+--------+

Top non-repeatable levels by time:
     D:6: 2682 daAuts
     D:7: 2164 daAuts
     D:4: 1799 daAuts
     D:9: 1787 daAuts
     D:2: 1647 daAuts
     D:5: 1054 daAuts
     D:1: 1039 daAuts
  Lair:1: 1034 daAuts
     D:8: 1034 daAuts
     D:3: 865 daAuts
 Ossuary: 857 daAuts
  Bailey: 853 daAuts
